 Dungeon Crawl Stone Soup version 0.19-a0-1097-g38e3b35 (webtiles) character file.

5182 4thArraOfDagon the Grappler (level 10, -5/96 HPs)
             Began as a Troll Arcane Marksman on Aug 8, 2016.
             Was a Follower of Ashenzari.
             Killed from afar by Azrael (13 damage)
             ... with a fireball
             ... on level 12 of the Dungeon.
             The game lasted 00:16:53 (3473 turns).

4thArraOfDagon the Grappler (Troll Arcane Marksman) Turns: 3473, Time: 00:16:53

Health: -5/96      AC:  6    Str: 21    XL:     10   Next: 34%
Magic:  10/10      EV:  9    Int: 12    God:    Ashenzari [*.....]
Gold:   358        SH:  0    Dex:  7    Spells: 2 memorised, 6 levels left

rFire  + . .     SeeInvis .       - Unarmed
rCold  . . .     Gourm    +     a - +1 robe
rNeg   . . .     Faith    .     (no shield)
rPois  .         Spirit   .     (helmet restricted)
rElec  .         Dismiss  .     (no cloak)
rCorr  .         Reflect  .     (gloves unavailable)
SustAt .         Harm     .     (boots unavailable)
MR     .....                    t - amulet of magic regeneration
Stlth  +.........               p - ring of protection from fire
                                l - ring of flight

@: very slightly contaminated, invisible
A: unfitting armour, claws 3, horns 2, clumsy 1, deterioration 1, fast
metabolism 3, gourmand, mutation resistance 1, regeneration 2, shaggy fur 1,
tough skin 2
a: Curse Item, Scrying, Renounce Religion, Evoke Flight


You were on level 12 of the Dungeon.
You worshipped Ashenzari.
Ashenzari was aware of your devotion.
You were very full.

You visited 1 branch of the dungeon, and saw 13 of its levels.

You collected 358 gold pieces.

Inventory:

Hand Weapons
 j - a +4 club
 n - a +0 giant spiked club
Missiles
 c - 4 large rocks (quivered)
 d - 2 throwing nets
 i - 5 javelins of returning
Armour
 a - a +1 robe (worn)
Jewellery
 l - a ring of flight (left claw)
 p - a ring of protection from fire (right claw)
 q - an uncursed ring of wizardry
 t - an amulet of magic regeneration (around neck)
Wands
 o - a wand of flame (27/48)
 s - a wand of iceblast (14/15)
 u - a wand of flame (15/48)
 C - a wand of flame (13/48)
Scrolls
 g - a scroll of teleportation
 h - 5 scrolls of remove curse
 k - a scroll of blinking {unknown}
 m - 3 scrolls of enchant armour
 r - a scroll of recharging
 w - a scroll of random uselessness {unknown}
 x - 2 scrolls of fear
 F - a scroll of enchant weapon {unknown}
Potions
 A - 2 potions of magic
Books
 b - a book of Debilitation

   Spells                             Type                      Level
   a - Corona                         Hexes                        1
   b - Slow                           Hexes                        2
   c - Gell's Gravitas                Hexes/Translocation          3
   d - Inner Flame                    Hexes/Fire                   3
   e - Cause Fear                     Hexes                        4
   f - Leda's Liquefaction            Hexes/Earth                  4
 y - a book of the Tempests

   Spells                             Type                      Level
   a - Static Discharge               Conjuration/Air              3
   b - Lightning Bolt                 Conjuration/Air              5
   c - Fireball                       Conjuration/Fire             5
   d - Tornado                        Air                          9
   e - Shatter                        Earth                        9
Miscellaneous
 E - a phial of floods
Comestibles
 f - 4 bread rations
 z - a royal jelly
 B - a meat ration


   Skills:
 + Level 5.3 Fighting
 - Level 1.7 Throwing
 - Level 1.5 Dodging
 * Level 13.4 Unarmed Combat
 - Level 1.0 Spellcasting
 - Level 2.0 Hexes


You had 6 spell levels left.
You knew the following spells:

 Your Spells              Type           Power        Failure   Level  Hunger
a - Corona                Hex            #......      14%         1    ##.....
b - Leda's Liquefaction   Hex/Erth       #.........   99%         4    #####..


Dungeon Overview and Level Annotations

Branches:
Dungeon (13/15)
 Temple: D:4-7         Lair: D:8-11         Orc: D:9-12      Vaults: D:13-14

Altars:
Ashenzari
Dithmenos
Fedhas
Okawaru
Qazlal
Sif Muna

Portals:
Trove: D:10 (give horn of Geryon)

Annotations:
D:10 4thArraOfDagon's ghost, novice TrAM
D:12 Azrael


Innate Abilities, Weirdness & Mutations

You are too large for most types of armour.
You have claws for hands.
Your metabolism is lightning-fast.
You like to eat raw meat.
You heal very quickly.
You are covered in fur. (AC +1)
You have very tough skin. (AC +2)
You have a pair of horns on your head.
You are clumsy. (Dex -2)
Your body sometimes deteriorates upon taking damage.
You are somewhat resistant to further mutation.


Message History

* * * LOW HITPOINT WARNING * * *
Unknown command.
Unknown command.
You claw Azrael! You headbutt Azrael.
Azrael is severely wounded.
The hell hound bites you.
* * * LOW HITPOINT WARNING * * *
Unknown command.
Unknown command.
Unknown command.
Unknown command.
As you read the scroll labeled YTINUERECO, it crumbles to dust.
It is a scroll of recharging.
Charge which item? (? for menu, Esc to quit)
Your wand of iceblast (10/15) glows for a moment and now has 14 charges.
The hell hound misses you. The hell hound bites you!
* * * LOW HITPOINT WARNING * * *
Azrael gestures at you.
The fireball explodes!
The fireball engulfs you! You resist.
You die...

..........§§§§....
#......##§§§.(...
#......#..§§(....
#.......§§§.§....
##...§.§§##....
#...EEE#......
###.h.##.....


#hRh# ..... #.@h# ##... ##### ### You could see Azrael, 3 fire elementals and 4
hell hounds.

Vanquished Creatures
  An elephant (D:8)
  A troll (D:12)
  Sigmund (D:2)
  A wraith (D:12)
  5 yaks (D:7)
  A hungry ghost (D:8)
  A hippogriff (D:7)
  A mottled dragon (D:13)
  An orc warrior (D:12)
  An ice beast (D:5)
  A black bear (D:11)
  3 phantoms
  2 sky beasts
  An ogre (D:8)
  A centaur (D:8)
  2 big kobolds
  9 giant frogs
  A water moccasin zombie (D:9)
  2 scorpions
  4 killer bees (D:11)
  A howler monkey (D:9)
  7 crimson imps
  A quasit (D:8)
  3 giant frog skeletons
  5 hounds
  3 orc priests
  5 orc wizards
  Jessica (D:2)
  2 centaur skeletons
  5 iguanas
  6 worker ants
  2 sheep (D:8)
  A worker ant zombie (D:10)
  7 adders
  3 gnolls (D:9)
  An adder zombie (D:9)
  A worm (D:2)
  3 dart slugs
  15 orcs
  A giant cockroach (D:5)
  A goblin (D:3)
  2 hobgoblins (D:2)
  4 jackals
  2 quokkas
  A ball python (D:2)
  3 bats
  6 giant newts
  A jackal skeleton (D:9)
  5 kobolds
  3 rats
141 creatures vanquished.

Notes
Turn   | Place    | Note
-------+----------+-------------------------------------------
     0 | D:1      | 4thArraOfDagon the Troll Arcane Marksman began the quest for the Orb.
     0 | D:1      | Reached XP level 1. HP: 18/18 MP: 1/1
    38 | D:1      | Reached skill level 1 in Unarmed Combat
   183 | D:2      | Reached skill level 2 in Unarmed Combat
   183 | D:2      | Reached XP level 2. HP: 14/26 MP: 2/2
   215 | D:2      | Reached XP level 3. HP: 24/32 MP: 3/3
   245 | D:2      | Noticed Jessica
   252 | D:2      | Killed Jessica
   252 | D:2      | Reached skill level 3 in Unarmed Combat
   376 | D:2      | Noticed Sigmund
   398 | D:2      | Killed Sigmund
   398 | D:2      | Reached skill level 5 in Unarmed Combat
   398 | D:2      | Reached XP level 4. HP: 17/40 MP: 4/4
   398 | D:2      | Reached XP level 5. HP: 20/46 MP: 5/5
   531 | D:4      | You fall through a shaft!
   531 | D:5      | Entered Level 5 of the Dungeon
   538 | D:5      | Reached skill level 6 in Unarmed Combat
   538 | D:5      | Reached XP level 6. HP: 42/54 MP: 6/6
   774 | D:6      | Reached skill level 7 in Unarmed Combat
   823 | D:6      | Noticed a sky beast
   879 | D:6      | Killed a sky beast
   879 | D:6      | Reached XP level 7. HP: 24/61 MP: 7/7
   885 | D:6      | Gained mutation: Your body sometimes deteriorates upon taking damage. [mutagenic meat]
   888 | D:6      | Gained mutation: You have a pair of small horns on your head. [mutagenic meat]
   891 | D:6      | Gained mutation: You have a pair of horns on your head. [mutagenic meat]
   894 | D:6      | Gained mutation: You expend magic power (3 MP) to strengthen your wands. [mutagenic meat]
   897 | D:6      | Lost mutation: You expend magic power (3 MP) to strengthen your wands. [mutagenic meat]
   900 | D:6      | Gained mutation: You are somewhat resistant to further mutation. [mutagenic meat]
  1020 | D:6      | Reached skill level 8 in Unarmed Combat
  1118 | D:7      | Noticed a hippogriff
  1131 | D:7      | Killed a hippogriff
  1211 | D:7      | Reached skill level 9 in Unarmed Combat
  1267 | D:7      | Noticed a yak
  1267 | D:7      | Noticed a yak
  1268 | D:7      | Noticed a yak
  1269 | D:7      | Noticed a yak
  1340 | D:7      | Reached XP level 8. HP: 50/68 MP: 8/8
  1371 | D:7      | Reached skill level 10 in Unarmed Combat
  1728 | D:4      | Found a shattered altar of Ashenzari.
  1731 | D:4      | Became a worshipper of Ashenzari the Shackled
  1732 | D:4      | too late
  1822 | D:5      | Reached skill level 1 in Fighting
  1902 | D:7      | Reached skill level 11 in Unarmed Combat
  1910 | D:7      | Reached XP level 9. HP: 24/80 MP: 9/9
  2013 | D:8      | Found a shadowy altar of Dithmenos.
  2014 | D:8      | Found a blossoming altar of Fedhas.
  2032 | D:8      | Noticed an elephant
  2033 | D:8      | Noticed a death yak
  2068 | D:8      | Killed an elephant
  2204 | D:8      | Reached skill level 12 in Unarmed Combat
  2364 | D:8      | Found an iron altar of Okawaru.
  2407 | D:8      | Found a deep blue altar of Sif Muna.
  2479 | D:8      | Found a stormy altar of Qazlal.
  2864 | D:10     | Entered Level 10 of the Dungeon
  2877 | D:10     | Reached XP level 10. HP: 92/94 MP: 10/10
  2879 | D:10     | Found a portal to a secret trove of treasure.
  3016 | D:10     | Noticed 4thArraOfDagon's ghost (novice TrAM)
  3057 | D:11     | Reached * piety under Ashenzari
  3057 | D:11     | Found Yzih's Antique Weapon Boutique.
  3062 | D:11     | Reached skill level 13 in Unarmed Combat
  3184 | D:11     | Learned a level 4 spell: Leda's Liquefaction
  3206 | D:10     | You fall through a shaft for 3 floors!
  3207 | D:13     | WTF
  3223 | D:13     | Reached skill level 5 in Fighting
  3249 | D:13     | Noticed a six-headed hydra
  3303 | D:12     | Gained mutation: You are clumsy. (Dex -2) [potion of mutation]
  3420 | D:12     | Noticed Azrael
  3425 | D:12     | Noticed a white ugly thing
  3473 | D:12     | Killed from afar by Azrael

Vault maps used:
D:1:      roderic_chinese_lattice_arrival
D:2:      first_bread, nicolae_tso_swordbearing_angel, uniq_jessica,
          uniq_sigmund
D:3:      serial_bayou_lagoon_a, serial_bayou_crossing, uniq_crazy_yiuf_cottage
D:4:      kennysheep_mini, gammafunk_pakellas_spire_experiment
D:7:      nicolae_whirlpool
D:8:      nicolae_overflow_hidden_temple, david_lair_generic,
          blue_anna_alchemist, hangedman_decor_push
D:9:      kennysheep_generic_room_8
D:10:     enter_trove_2, minmay_crystal_room
D:11:     minmay_orc_entry_guard_dogs, serial_shops, shop
D:12:     uniq_josephine, uniq_azrael
D:13:     david_vaults_5, uniq_erolcha

Skill      XL: |  1  2  3  4  5  6  7  8  9 10 |
---------------+-------------------------------+-----
Unarmed Combat | 2 5 6 7 9 11 12 13 | 13.4
Fighting       | 2 4 5 |  5.3
Throwing       | |  1.7
Dodging        | |  1.5
Spellcasting   | |  1.0
Hexes          | |  2.0

Action                   |  1- 3 |  4- 6 |  7- 9 | 10-12 || total
-------------------------+-------+-------+-------+-------++-------
Melee: Unarmed           |    70 |    97 |   274 |    91 ||   532
       Punch             |       |     2 |     7 |     3 ||    12
       Headbutt          |       |       |    33 |    15 ||    48
Throw: Throwing net      |     2 |     1 |     1 |       ||     4
       Large rock        |     1 |       |     3 |     3 ||     7
Evoke: Wand              |       |       |       |     1 ||     1
  Use: Potion            |       |       |     3 |     5 ||     8
       Scroll            |       |       |     4 |     7 ||    11
 Stab: Sleeping          |       |     1 |       |       ||     1
       Invisible         |       |       |       |     1 ||     1
  Eat: Chunk             |     5 |     5 |    33 |    10 ||    53
       Royal jelly       |       |       |     1 |       ||     1
Armor: Robe              |    21 |    25 |    95 |    29 ||   170
       Skin              |       |       |       |    10 ||    10
Dodge: Dodged            |    37 |    45 |   112 |    42 ||   236
